[Event "Chile Championship Women 2022"]
[Site "Las Condes"]
[Date "2022.02.19"]
[Round "1.1"]
[White "Rozas Lazcano, Valeska"]
[Black "Toro Pradenas, Maria Jose"]
[Result "1/2-1/2"]
[ECO "B43"]
[WhiteElo "1456"]
[BlackElo "1979"]
[Annotator "NA"]
[PlyCount "115"]
[EventDate "2022.02.18"]
[EventType "tourn"]
[EventCountry "CHI"]
[SourceTitle "playchess.com"]
[Source "ChessBase"]
[SourceQuality "1"]
[TimeControl "5400+30"]

1. e4 c5 2. Nc3 e6 3. Nf3 a6 4. d4 cxd4 5. Nxd4 b5 6. a3 Bb7 7. g3 Nf6 8. Bg2 Be7 9. O-O Qc7 10. Be3 d6 11. f4 Nbd7 12. Nb3 Nc5 13. Nd2 g6 14. Qe2 Rd8 15. Rad1 O-O 16. Bf2 h5 17. h3 d5 18. e5 Ne8 19. Bd4 Ng7 20. g4 hxg4 21. hxg4 Nd7 22. Nb3 Nc5 23. Qe3 Nxb3 24. cxb3 Rc8 25. b4 a5 26. Bb6 Qd7 27. Bxa5 Rc4 28. Bb6 f5 29. g5 Kf7 30. Bd4 Rh8 31. Bf3 Rcc8 32. Kg2 Rh7 33. Rh1 Rch8 34. Rxh7 Rxh7 35. Rh1 Rxh1 36. Kxh1 Bc6 37. Ne2 Qc8 38. Kg2 Bd7 39. Nc3 Qc4 40. Be2 Qb3 41. Nxb5 Qc2 42. Nc3 Nh5 43. b5 Bxb5 44. Nxb5 Nxf4+ 45. Kf3 Nxe2 46. Qxe2 Qb3+ 47. Kg2 Bxg5 48. Nd6+ Kg7 49. Bc3 d4 50. Bd2 Qxb2 51. Nc4 Qc2 52. Kf3 d3 53. Qf2 Qxc4 54. Qa7+ Kh6 55. Bxg5+ Kxg5 56. Qe7+ Kh5 57. Qh7+ Kg5 58. Qe7+ 1/2-1/2

[Event "Chile Championship Women 2022"]
[Site "Las Condes"]
[Date "2022.02.19"]
[Round "1.3"]
[White "Fuentes Inzunza, Lesly"]
[Black "Lemus Pena, Macarena"]
[Result "0-1"]
[ECO "A00"]
[WhiteElo "1816"]
[BlackElo "1703"]
[Annotator "NA"]
[PlyCount "58"]
[EventDate "2022.02.18"]
[EventType "tourn"]
[EventCountry "CHI"]
[SourceTitle "playchess.com"]
[Source "ChessBase"]
[SourceQuality "1"]
[TimeControl "5400+30"]

1. e3 g6 2. c4 f5 3. Nc3 Nf6 4. d4 d6 5. b3 Bg7 6. Bb2 O-O 7. Nf3 c6 8. Qc2 Qe8 9. Be2 Na6 10. a3 e5 11. O-O e4 12. Ne1 Nc7 13. g3 g5 14. Ng2 d5 15. a4 Kh8 16. h4 h6 17. Qd2 Ne6 18. Ba3 Rg8 19. Bd6 Nf8 20. hxg5 hxg5 21. f4 exf3 22. Bxf3 Qe6 23. c5 Ne8 24. Bxf8 Bxf8 25. Kf2 Be7 26. Rh1+ Kg7 27. Rh5 Rh8 28. Rxh8 Kxh8 29. Rh1+ Kg7 0-1

[Event "Chile Championship Women 2022"]
[Site "Las Condes"]
[Date "2022.02.19"]
[Round "1.4"]
[White "Luna Benalcazar, Gianella"]
[Black "Morales Flores, Monserrat"]
[Result "1/2-1/2"]
[ECO "E62"]
[WhiteElo "1736"]
[BlackElo "1943"]
[Annotator "NA"]
[PlyCount "29"]
[EventDate "2022.02.18"]
[EventType "tourn"]
[EventCountry "CHI"]
[SourceTitle "playchess.com"]
[Source "ChessBase"]
[SourceQuality "1"]
[TimeControl "5400+30"]

1. d4 Nf6 2. Nf3 g6 3. c4 Bg7 4. g3 O-O 5. Bg2 d6 6. O-O Nc6 7. Nc3 e5 8. dxe5 dxe5 9. Qxd8 Rxd8 10. Bg5 Be6 11. Nd2 h6 12. Bxf6 Bxf6 13. Nde4 Be7 14. Nd5 Bxd5 15. cxd5 1/2-1/2

[Event "Chile Championship Women 2022"]
[Site "Las Condes"]
[Date "2022.02.19"]
[Round "1.5"]
[White "Gomez Barrera, Javiera Belen"]
[Black "Reyes Jara, Paula"]
[Result "1/2-1/2"]
[ECO "C97"]
[WhiteElo "2199"]
[BlackElo "1880"]
[Annotator "ChessBase"]
[PlyCount "175"]
[EventDate "2022.02.18"]
[EventType "tourn"]
[EventCountry "CHI"]
[SourceTitle "playchess.com"]
[Source "ChessBase"]
[SourceQuality "1"]
[TimeControl "5400+30"]

1. e4 e5 2. Nf3 Nc6 3. Bb5 a6 4. Ba4 Nf6 5. O-O Be7 6. Re1 b5 7. Bb3 d6 8. c3 O-O 9. h3 Na5 10. Bc2 c5 11. d4 Qc7 12. d5 c4 13. b4 cxb3 14. axb3 Bd7 15. Be3 Rfc8 16. Bd3 Be8 17. Re2 Nb7 18. b4 a5 19. Rc2 Qb8 20. Rca2 a4 21. Qe2 Nd8 22. Nfd2 Qb7 23. c4 bxc4 24. Nxc4 Rxc4 25. Bxc4 Nxe4 26. b5 Qc8 27. Rxa4 Rxa4 28. Rxa4 f5 29. Bd3 Nf6 30. Ra7 Kf8 31. b6 f4 32. Bxf4 Nxd5 33. Be3 Nf6 34. Qc2 Qxc2 35. Bxc2 Bc6 36. Ba4 Bb7 37. Nc3 d5 38. Nb5 d4 39. Bg5 Bc5 40. Bb3 Bxb6 41. Ra1 Ne4 42. Bc1 d3 43. Ba3+ Ke8 44. Nd6+ Nxd6 45. Bxd6 Bd4 46. Rb1 Kd7 47. Bf8 e4 48. Ba4+ Ke6 49. Rb4 Bf6 50. Bb3+ Kd7 51. Bc5 Bc6 52. Ba4 Bxa4 53. Be3 Bc6 54. Kf1 Ne6 55. Rb3 Nd4 56. Ra3 Nb5 57. Rb3 Kd6 58. f3 Nd4 59. Ra3 Nc2 60. Bf4+ Kc5 61. Ra5+ Kd4 62. fxe4 Kxe4 63. Bd2 Nd4 64. Rc5 Bd5 65. Rc8 Bf7 66. Rb8 Bh5 67. Kf2 Nc6 68. Rb5 Bd4+ 69. Kg3 Bf7 70. Rb7 Bd5 71. Rd7 Be5+ 72. Kf2 Nd4 73. Re7 Ne6 74. Re8 Bd4+ 75. Ke1 Be3 76. Bc3 Kf4 77. Re7 Kg3 78. Rd7 Bc4 79. h4 Kxg2 80. h5 Bh6 81. Bd2 Bxd2+ 82. Kxd2 h6 83. Rd6 Ng5 84. Ke3 Bf7 85. Rd7 Bxh5 86. Rxg7 Be2 87. Rg6 Kg3 88. Kd4 1/2-1/2

[Event "Chile Championship Women 2022"]
[Site "Las Condes"]
[Date "2022.02.19"]
[Round "2.1"]
[White "Morales Flores, Monserrat"]
[Black "Gomez Barrera, Javiera Belen"]
[Result "1/2-1/2"]
[ECO "B32"]
[WhiteElo "1943"]
[BlackElo "2199"]
[Annotator "ChessBase"]
[PlyCount "127"]
[EventDate "2022.02.18"]
[EventType "tourn"]
[EventCountry "CHI"]
[SourceTitle "playchess.com"]
[Source "ChessBase"]
[SourceQuality "1"]
[TimeControl "5400+30"]

1. e4 c5 2. Nf3 Nc6 3. d4 cxd4 4. Nxd4 e5 5. Nb5 d6 6. N1c3 a6 7. Na3 Be7 8. Nc4 b5 9. Ne3 Nf6 10. Bd3 Nb4 11. Be2 O-O 12. O-O Be6 13. a4 bxa4 14. Rxa4 d5 15. exd5 Nfxd5 16. Ncxd5 Nxd5 17. Bf3 Nxe3 18. Bxe3 Rc8 19. Qxd8 Rfxd8 20. Rc1 Bc4 21. h3 Bb5 22. Raa1 Rd6 23. Be4 g6 24. g4 Bc6 25. Bxc6 Rdxc6 26. c3 f5 27. f3 Rd8 28. Rd1 Kf7 29. Kf1 Ke6 30. Ke2 h5 31. Rxd8 Bxd8 32. Rd1 Be7 33. Bf2 hxg4 34. hxg4 fxg4 35. fxg4 Rc4 36. Ra1 Rxg4 37. Rxa6+ Kf5 38. Ra7 Bg5 39. b4 Ke4 40. b5 Rg2 41. Ra4+ Kd5 42. c4+ Kd6 43. Kf3 Rh2 44. Ra6+ Kd7 45. Rxg6 Bf4 46. Ba7 Rb2 47. Bb6 Rb3+ 48. Ke4 Rc3 49. Rc6 Rc1 50. Rc7+ Ke6 51. Rc6+ Kd7 52. Rc7+ Ke6 53. Bf2 Rc2 54. Rc6+ Kd7 55. Bh4 Re2+ 56. Kf5 Be3 57. Rg6 Rc2 58. Rg7+ Kc8 59. Rg4 Bd4 60. Rg8+ Kb7 61. Rg7+ Kc8 62. Rg8+ Kb7 63. Rg7+ Kc8 64. Ke4 1/2-1/2

[Event "Chile Championship Women 2022"]
[Site "Las Condes"]
[Date "2022.02.19"]
[Round "2.2"]
[White "Lemus Pena, Macarena"]
[Black "Luna Benalcazar, Gianella"]
[Result "0-1"]
[ECO "A25"]
[WhiteElo "1703"]
[BlackElo "1736"]
[Annotator "NA"]
[PlyCount "64"]
[EventDate "2022.02.18"]
[EventType "tourn"]
[EventCountry "CHI"]
[SourceTitle "playchess.com"]
[Source "ChessBase"]
[SourceQuality "1"]
[TimeControl "5400+30"]

1. Nf3 g6 2. g3 Bg7 3. c4 e5 4. Nc3 f5 5. d3 Nc6 6. Bg2 Nf6 7. Rb1 a5 8. a3 d6 9. b4 axb4 10. axb4 Qe7 11. b5 Nd8 12. Bg5 Ne6 13. Nd5 Qf7 14. b6 Nxd5 15. cxd5 Nxg5 16. Nxg5 Qf6 17. Qc1 cxb6 18. Rxb6 Qd8 19. Rb1 Bh6 20. f4 Bxg5 21. fxg5 O-O 22. O-O Ra4 23. e4 Rd4 24. Rb3 b5 25. Qe3 Bd7 26. h4 Qa5 27. Rf2 b4 28. Rbb2 Rc8 29. Bf1 Qa4 30. Rfd2 b3 31. Bg2 Rc2 32. Qe2 Qa1+ 0-1

[Event "Chile Championship Women 2022"]
[Site "Las Condes"]
[Date "2022.02.19"]
[Round "2.5"]
[White "Araos Diaz, Constanza Paz"]
[Black "Rozas Lazcano, Valeska"]
[Result "1-0"]
[ECO "A45"]
[WhiteElo "1435"]
[BlackElo "1456"]
[Annotator "NA"]
[PlyCount "115"]
[EventDate "2022.02.18"]
[EventType "tourn"]
[EventCountry "CHI"]
[SourceTitle "playchess.com"]
[Source "ChessBase"]
[SourceQuality "1"]
[TimeControl "5400+30"]

1. d4 Nf6 2. Bf4 g6 3. Nc3 d6 4. f3 Nbd7 5. e4 c5 6. dxc5 Nxc5 7. Qd2 Ne6 8. Be3 Bd7 9. O-O-O Qa5 10. Kb1 Bg7 11. Nge2 Rc8 12. Nd4 Nxd4 13. Bxd4 Bc6 14. Nd5 Qxd2 15. Nxf6+ Bxf6 16. Rxd2 Bxd4 17. Rxd4 O-O 18. g4 Kg7 19. h4 h6 20. Bg2 Rc7 21. Rg1 Rfc8 22. c3 Bd7 23. Bf1 b5 24. a3 a5 25. Be2 Rc5 26. Rgd1 Be6 27. f4 Bb3 28. R1d2 f6 29. f5 g5 30. h5 Kf7 31. Bd1 Bxd1 32. Rxd1 Ke8 33. Rd5 Kd7 34. Rxc5 Rxc5 35. Rd4 Kc6 36. Kc2 Re5 37. Kd3 e6 38. b3 exf5 39. exf5 Re1 40. Re4 Rxe4 41. Kxe4 d5+ 42. Kd4 Kd6 43. a4 bxa4 44. bxa4 Kc6 45. c4 dxc4 46. Kxc4 Kd6 47. Kb5 Ke5 48. Kxa5 Kf4 49. Kb5 Kxg4 50. a5 Kh3 51. a6 g4 52. a7 g3 53. a8=Q g2 54. Qf3+ Kh2 55. Qf2 Kh1 56. Qh4+ Kg1 57. Qxf6 Kf2 58. Qd4+ 1-0

[Event "Chile Championship Women 2022"]
[Site "Las Condes"]
[Date "2022.02.19"]
[Round "3.1"]
[White "Sanchez Tobar, Francisca Valentina"]
[Black "Araos Diaz, Constanza Paz"]
[Result "1-0"]
[ECO "B01"]
[WhiteElo "1837"]
[BlackElo "1435"]
[Annotator "NA"]
[PlyCount "69"]
[EventDate "2022.02.18"]
[EventType "tourn"]
[EventCountry "CHI"]
[SourceTitle "playchess.com"]
[Source "ChessBase"]
[SourceQuality "1"]
[TimeControl "5400+30"]

1. e4 d5 2. exd5 Qxd5 3. Nc3 Qd6 4. d4 Nf6 5. Nf3 Bg4 6. h3 Bxf3 7. Qxf3 c6 8. Be3 e6 9. O-O-O Qc7 10. Kb1 Be7 11. g4 Nd5 12. Ne4 Nxe3 13. fxe3 O-O 14. Nc3 Nd7 15. Bd3 b5 16. h4 a5 17. g5 a4 18. Ne4 b4 19. Rdg1 f6 20. gxf6 Bxf6 21. Qg4 e5 22. Ng5 Bxg5 23. hxg5 g6 24. Qh4 Nb6 25. Bxg6 Ra7 26. Bd3 Qe7 27. dxe5 Nd5 28. g6 Qxh4 29. gxh7+ Kh8 30. Rxh4 Nxe3 31. Rxb4 Nd5 32. Rbg4 Ne7 33. Bc4 Raa8 $18 34. Be6 Kxh7 35. Rh4# 1-0

[Event "Chile Championship Women 2022"]
[Site "Las Condes"]
[Date "2022.02.20"]
[Round "3.3"]
[White "Luna Benalcazar, Gianella"]
[Black "Vildosola Canales, Melany Selena"]
[Result "1/2-1/2"]
[ECO "B33"]
[WhiteElo "1736"]
[BlackElo "1645"]
[Annotator "NA"]
[PlyCount "41"]
[EventDate "2022.02.18"]
[EventType "tourn"]
[EventCountry "CHI"]
[SourceTitle "playchess.com"]
[Source "ChessBase"]
[SourceQuality "1"]
[TimeControl "5400+30"]

1. e4 c5 2. Nf3 Nc6 3. d4 cxd4 4. Nxd4 Nf6 5. Nc3 e5 6. Ndb5 d6 7. Bg5 a6 8. Na3 b5 9. Bxf6 gxf6 10. Nd5 Bg7 11. g3 Ne7 12. Nxe7 Qxe7 13. c4 f5 14. cxb5 O-O 15. Bg2 Bb7 16. Qe2 fxe4 17. Bxe4 d5 18. Bf5 Qb4+ 19. Qd2 Qxd2+ 20. Kxd2 e4 21. Rab1 1/2-1/2

[Event "Chile Championship Women 2022"]
[Site "Las Condes"]
[Date "2022.02.21"]
[Round "4.1"]
[White "Lemus Pena, Macarena"]
[Black "Reyes Jara, Paula"]
[Result "1/2-1/2"]
[ECO "A34"]
[WhiteElo "1703"]
[BlackElo "1880"]
[Annotator "NA RC"]
[PlyCount "118"]
[EventDate "2022.02.18"]
[EventType "tourn"]
[EventCountry "CHI"]
[SourceTitle "playchess.com"]
[Source "ChessBase"]
[SourceQuality "1"]
[TimeControl "5400+30"]

1. Nf3 Nf6 2. c4 c5 3. Nc3 Nc6 4. g3 d5 5. cxd5 Nxd5 6. Bg2 Nc7 7. O-O e5 8. d3 Be7 9. Be3 Rb8 10. a3 O-O 11. Qc2 Nd4 12. Bxd4 exd4 13. Ne4 b6 14. Rfc1 Ne6 15. Ned2 Bb7 16. a4 Re8 17. Ne5 Bxg2 18. Kxg2 Qd5+ 19. Nef3 Bg5 20. h4 {[%emt 0:07:21] [#]} Bxh4 $1 21. Rh1 Bd8 22. Qc4 Nc7 23. Rae1 h6 24. Qxd5 Nxd5 25. Rh5 Nb4 26. Kf1 Rb7 27. Nc4 Re6 28. Re5 Rbe7 29. Rc1 Rxe5 30. Ncxe5 Bc7 31. Nc4 f5 32. Na3 a6 (32... a5 $17 33. Nb5 Be5 34. Nxe5 Rxe5) 33. a5 $1 Kf7 $1 34. Rc4 Nc6 35. axb6 Bxb6 36. Rc1 Ke6 37. Nc4 Bc7 38. Ra1 ({White should try} 38. Nfd2 $15) 38... Nb8 (38... Nb4 $17) 39. Nfd2 (39. b4 $1 $11) 39... Kd5 40. Ra3 g5 41. Ra4 Bd8 42. b4 Rb7 43. bxc5 Kxc5 44. Na5 Bxa5 45. Rxa5+ Rb5 46. Ra4 a5 47. Ke1 Nc6 48. Kd1 Rb4 49. Ra1 a4 50. Nc4 Ne7 51. Na3 {[%emt 0:00:28] [#]} Nd5 $1 52. Nc2 Nc3+ 53. Kd2 (53. Kc1 {is the only way for White.} Rb6 54. e3) 53... Rb3 54. e3 dxe3+ 55. fxe3 Nb1+ 56. Kc1 $1 Nc3 57. Kd2 Nb1+ 58. Kc1 Nc3 59. Kd2 Kd5 $11 1/2-1/2

[Event "Chile Championship Women 2022"]
[Site "Las Condes"]
[Date "2022.02.20"]
[Round "4.2"]
[White "Vildosola Canales, Melany Selena"]
[Black "Gomez Barrera, Javiera Belen"]
[Result "0-1"]
[ECO "B90"]
[WhiteElo "1645"]
[BlackElo "2199"]
[Annotator "ChessBase"]
[PlyCount "64"]
[EventDate "2022.02.18"]
[EventType "tourn"]
[EventCountry "CHI"]
[SourceTitle "playchess.com"]
[Source "ChessBase"]
[SourceQuality "1"]
[TimeControl "5400+30"]

1. e4 c5 2. Nf3 d6 3. d4 cxd4 4. Nxd4 Nf6 5. Nc3 a6 6. f3 e5 7. Nb3 Be7 8. Be3 Be6 9. Qd2 h5 10. O-O-O Nbd7 11. f4 Ng4 12. Kb1 Nxe3 13. Qxe3 Qb6 14. Qg3 h4 15. Qf3 Nf6 16. f5 Bd7 17. Bc4 Qc7 18. Bd5 Rc8 19. Qf2 b5 20. Rd2 b4 21. Nd1 Nxd5 22. exd5 Bg5 23. Re2 Kf8 24. Qf3 a5 25. Nf2 Bb5 26. Nd3 a4 27. Nbc1 a3 28. Nb3 axb2 29. Qe4 Bc4 30. Rf2 Qa7 31. Rf3 Bxd3 32. Qxd3 Ra8 0-1

[Event "Chile Championship Women 2022"]
[Site "Las Condes"]
[Date "2022.02.20"]
[Round "4.3"]
[White "Toro Pradenas, Maria Jose"]
[Black "Luna Benalcazar, Gianella"]
[Result "1/2-1/2"]
[ECO "D94"]
[WhiteElo "1979"]
[BlackElo "1736"]
[Annotator "ChessBase"]
[PlyCount "48"]
[EventDate "2022.02.18"]
[EventType "tourn"]
[EventCountry "CHI"]
[SourceTitle "playchess.com"]
[Source "ChessBase"]
[SourceQuality "1"]
[TimeControl "5400+30"]

1. e4 c6 2. d4 d5 3. exd5 cxd5 4. c4 Nf6 5. Nc3 g6 6. Nf3 Bg7 7. Bd3 O-O 8. h3 a6 9. O-O Nbd7 10. Qe2 dxc4 11. Bxc4 b5 12. Bb3 Nb6 13. Bg5 Bb7 14. Rad1 b4 15. Na4 Nxa4 16. Bxa4 Qa5 17. Bxf6 Bxf6 18. Bb3 Qh5 19. d5 Rfd8 20. Kh2 Qh6 21. Qe4 a5 22. Ne5 Rd6 23. Nc4 Rdd8 24. Ne5 Rd6 1/2-1/2

[Event "Chile Championship Women 2022"]
[Site "Las Condes"]
[Date "2022.02.20"]
[Round "4.4"]
[White "Araos Diaz, Constanza Paz"]
[Black "Fuentes Inzunza, Lesly"]
[Result "0-1"]
[ECO "D00"]
[WhiteElo "1435"]
[BlackElo "1816"]
[Annotator "NA"]
[PlyCount "120"]
[EventDate "2022.02.18"]
[EventType "tourn"]
[EventCountry "CHI"]
[SourceTitle "playchess.com"]
[Source "ChessBase"]
[SourceQuality "1"]
[TimeControl "5400+30"]

1. d4 d5 2. Bf4 Nf6 3. e3 c5 4. c3 Nc6 5. Bd3 Bg4 6. Be2 Bxe2 7. Qxe2 e6 8. Nd2 cxd4 9. exd4 Bd6 10. Bxd6 Qxd6 11. Ngf3 O-O 12. O-O h6 13. Ne5 b5 14. Nxc6 Qxc6 15. Rac1 a5 16. Nf3 Qc4 17. Qxc4 bxc4 18. Nd2 a4 19. b3 axb3 20. axb3 Ra2 21. Rfd1 cxb3 22. Nxb3 Ne4 23. f3 Nd6 24. Rd2 Rxd2 25. Nxd2 Rc8 26. Kf2 Nb5 27. Ke3 Rxc3+ 28. Rxc3 Nxc3 29. Nb3 Kf8 30. Kd2 Nb5 31. Kd3 Ke7 32. g3 g5 33. h3 h5 34. Nc1 Kf6 35. Ne2 Kg6 36. Ke3 Nd6 37. f4 g4 38. h4 Nf5+ 39. Kd3 Kf6 40. Kd2 Ke7 41. Kd3 Kd6 42. Kc3 f6 43. Kd3 Kc6 44. Kc3 Kd6 45. Kd3 Kc7 46. Kc3 Kc6 47. Kb4 Kd6 48. Kc3 e5 49. fxe5+ fxe5 50. dxe5+ Kxe5 51. Kd3 d4 52. Nf4 Nxg3 53. Ng2 Nf5 54. Ke2 Ke4 55. Kf2 d3 56. Kf1 Ne3+ 57. Nxe3 Kxe3 58. Ke1 g3 59. Kd1 g2 60. Ke1 g1=R# 0-1

[Event "Chile Championship Women 2022"]
[Site "Las Condes"]
[Date "2022.02.20"]
[Round "4.5"]
[White "Rozas Lazcano, Valeska"]
[Black "Sanchez Tobar, Francisca Valentina"]
[Result "1/2-1/2"]
[ECO "C77"]
[WhiteElo "1456"]
[BlackElo "1837"]
[Annotator "NA RC"]
[PlyCount "115"]
[EventDate "2022.02.18"]
[EventType "tourn"]
[EventCountry "CHI"]
[SourceTitle "playchess.com"]
[Source "ChessBase"]
[SourceQuality "1"]
[TimeControl "5400+30"]

1. e4 e5 2. Nf3 Nc6 3. Bb5 a6 4. Ba4 Nf6 5. d3 b5 6. Bb3 Bc5 7. h3 {[%emt 0:00:57] 7.c3 is the modern continuation.} h6 8. c3 Bb6 {[%emt 0:00:37] [#]} 9. Be3 $146 ({Predecessor:} 9. Nbd2 d6 10. Nf1 Be6 11. Bxe6 fxe6 12. Ne3 Ne7 13. O-O Ng6 14. Qc2 Qd7 15. d4 exd4 16. cxd4 {1-0 (50) Tabola,M (1800)-Sosnowska,A Krynica 2003}) 9... Rb8 10. Nbd2 d6 11. a4 O-O 12. O-O Ne7 13. a5 Bxe3 14. fxe3 Ng6 15. Bc2 d5 16. d4 dxe4 17. Nxe4 Nd5 18. Qd2 f5 19. Nc5 e4 20. Nh2 Kh8 21. Bb3 Rf6 22. Qe2 c6 23. Bxd5 cxd5 24. b3 f4 25. Ng4 Bxg4 26. Qxg4 fxe3 27. Rxf6 Qxf6 28. Rf1 Qg5 (28... Qd6 $11 {is superior.}) 29. Qxg5 hxg5 30. Re1 Rc8 (30... Nf4 $11 {remains equal.}) 31. Rxe3 Nf4 32. Kh2 ({White should play} 32. Kf2 $14) 32... Rc6 33. Kg3 Rf6 34. c4 dxc4 35. bxc4 bxc4 36. Nxe4 Re6 37. Kf3 Nd5 38. Re2 Rc6 39. Nxg5 g6 40. Ne4 Nb4 41. Nc3 Rd6 42. d5 Nxd5 43. Nxd5 Rxd5 44. Rc2 Rxa5 45. Rxc4 Kg7 46. h4 Ra1 47. g4 a5 48. Rc7+ Kg8 49. Rc6 Kg7 50. Rc7+ Kg8 51. Kf4 a4 52. Kg5 a3 $2 (52... Rb1 $11) 53. Kxg6 $18 Kf8 54. Ra7 a2 55. h5 Rg1 56. Ra8+ Ke7 57. Rxa2 Rxg4+ 58. Kh7 1/2-1/2

[Event "Chile Championship Women 2022"]
[Site "Las Condes"]
[Date "2022.02.21"]
[Round "5.1"]
[White "Fuentes Inzunza, Lesly"]
[Black "Rozas Lazcano, Valeska"]
[Result "0-1"]
[ECO "A49"]
[WhiteElo "1816"]
[BlackElo "1456"]
[Annotator "NA"]
[PlyCount "60"]
[EventDate "2022.02.18"]
[EventType "tourn"]
[EventCountry "CHI"]
[SourceTitle "playchess.com"]
[Source "ChessBase"]
[SourceQuality "1"]
[TimeControl "5400+30"]

1. d4 Nf6 2. Nf3 g6 3. g3 Bg7 4. Bg2 d6 5. O-O O-O 6. Nbd2 c5 7. c3 Nc6 8. h3 Rb8 9. a4 a6 10. e4 e6 11. Rb1 b5 12. b4 c4 13. a5 Bb7 14. Re1 Nd7 15. Nf1 h6 16. Qc2 Re8 17. Bd2 Ne7 18. Rbd1 Qc7 19. Qc1 Kh7 20. h4 f5 21. exf5 exf5 22. h5 g5 23. N3h2 Bxg2 24. Kxg2 Nf6 25. Qc2 Qd7 26. g4 Kg8 27. gxf5 Nxf5 28. Ng3 Nh4+ 29. Kg1 Qh3 30. Rxe8+ Rxe8 0-1

[Event "Chile Championship Women 2022"]
[Site "Las Condes"]
[Date "2022.02.21"]
[Round "5.2"]
[White "Luna Benalcazar, Gianella"]
[Black "Araos Diaz, Constanza Paz"]
[Result "1-0"]
[ECO "B01"]
[WhiteElo "1736"]
[BlackElo "1435"]
[Annotator "NA"]
[PlyCount "63"]
[EventDate "2022.02.18"]
[EventType "tourn"]
[EventCountry "CHI"]
[SourceTitle "playchess.com"]
[Source "ChessBase"]
[SourceQuality "1"]
[TimeControl "5400+30"]

1. e4 d5 2. exd5 Qxd5 3. Nc3 Qd6 4. d4 Nf6 5. Nf3 Bg4 6. h3 Bxf3 7. Qxf3 c6 8. Be3 e6 9. O-O-O Be7 10. Kb1 O-O 11. g4 Nd5 12. Ne4 Qc7 13. c4 Nxe3 14. fxe3 f5 15. Nc3 g6 16. h4 Nd7 17. g5 Nb6 18. Qh3 Kg7 19. Be2 Bb4 20. h5 Rh8 21. e4 Rad8 22. c5 Nd7 23. h6+ Kf7 24. exf5 exf5 25. Bc4+ Kf8 26. Rhf1 Re8 27. Ne2 b5 28. Bd3 Qd8 29. Bxf5 Rxe2 30. Bxg6+ Kg8 31. Qb3+ Re6 32. Qxe6# 1-0

[Event "Chile Championship Women 2022"]
[Site "Las Condes"]
[Date "2022.02.21"]
[Round "5.3"]
[White "Gomez Barrera, Javiera Belen"]
[Black "Toro Pradenas, Maria Jose"]
[Result "1-0"]
[ECO "C54"]
[WhiteElo "2199"]
[BlackElo "1979"]
[Annotator "ChessBase"]
[PlyCount "85"]
[EventDate "2022.02.18"]
[EventType "tourn"]
[EventCountry "CHI"]
[SourceTitle "playchess.com"]
[Source "ChessBase"]
[SourceQuality "1"]
[TimeControl "5400+30"]

1. e4 e5 2. Nf3 Nc6 3. Bc4 Bc5 4. d3 Nf6 5. O-O d6 6. c3 O-O 7. h3 h6 8. Re1 a6 9. a4 Re8 10. a5 b5 11. axb6 Bxb6 12. Nbd2 Na5 13. Ba2 Be6 14. b4 Nb7 15. Bxe6 Rxe6 16. Nc4 a5 17. Qb3 axb4 18. Rxa8 Qxa8 19. Nxb6 cxb6 20. cxb4 Nd8 21. Be3 d5 22. exd5 Qxd5 23. Qc3 Rc6 24. Qxe5 Qxd3 25. Nd4 Rc8 26. Bxh6 Nc6 27. Nxc6 Rxc6 28. Bg5 Qd6 29. Qf5 g6 30. Qf3 Kg7 31. Rd1 Qe6 32. Rd8 Qe1+ 33. Kh2 Qe5+ 34. Bf4 Qe6 35. b5 Rc5 36. Rd6 Qf5 37. g4 Qe4 38. Qxe4 Nxe4 39. Rxb6 Nxf2 40. Rb8 Nd3 41. Be3 Rc2+ 42. Kg3 f6 43. b6 1-0

[Event "Chile Championship Women 2022"]
[Site "Las Condes"]
[Date "2022.02.21"]
[Round "5.4"]
[White "Reyes Jara, Paula"]
[Black "Vildosola Canales, Melany Selena"]
[Result "1-0"]
[ECO "B33"]
[WhiteElo "1880"]
[BlackElo "1645"]
[Annotator "NA"]
[PlyCount "83"]
[EventDate "2022.02.18"]
[EventType "tourn"]
[EventCountry "CHI"]
[SourceTitle "playchess.com"]
[Source "ChessBase"]
[SourceQuality "1"]
[TimeControl "5400+30"]

1. e4 c5 2. Nf3 Nc6 3. d4 cxd4 4. Nxd4 Nf6 5. Nc3 e5 6. Ndb5 d6 7. Bg5 a6 8. Na3 b5 9. Bxf6 gxf6 10. Nd5 Bg7 11. c3 Ne7 12. Nc2 f5 13. Nxe7 Qxe7 14. exf5 O-O 15. Ne3 Bb7 16. Qg4 d5 17. Be2 Rfe8 18. O-O Kh8 19. Qh5 Rg8 20. Bd3 e4 21. Bc2 Rad8 22. Bb3 Bf8 23. Rad1 Rg5 24. Qh3 Qe5 25. g3 Bg7 26. Rfe1 a5 27. Qf1 Bc6 28. Qe2 Bf6 29. Rd2 d4 30. cxd4 Rxd4 31. Bxf7 Rxd2 32. Qxd2 Rg7 33. Be6 h5 34. Qe2 Rh7 35. Rc1 Bb7 36. b3 Qb2 37. Qxb2 Bxb2 38. Rc5 b4 39. Nc4 Bd4 40. Rxa5 Bc3 41. Nd6 h4 42. Nxb7 1-0

[Event "Chile Championship Women 2022"]
[Site "Las Condes"]
[Date "2022.02.22"]
[Round "6.4"]
[White "Rozas Lazcano, Valeska"]
[Black "Luna Benalcazar, Gianella"]
[Result "1/2-1/2"]
[ECO "B28"]
[WhiteElo "1456"]
[BlackElo "1736"]
[Annotator "NA RC"]
[PlyCount "84"]
[EventDate "2022.02.18"]
[EventType "tourn"]
[EventCountry "CHI"]
[SourceTitle "playchess.com"]
[Source "ChessBase"]
[SourceQuality "1"]
[TimeControl "5400+30"]

1. e4 c5 2. Nc3 a6 3. Nf3 b5 4. d4 cxd4 5. Nxd4 Bb7 6. a3 g6 7. g3 Bg7 8. Bg2 Nh6 9. O-O O-O 10. Be3 d6 11. f4 e5 12. Nb3 f5 13. fxe5 Ng4 14. Bc1 Bxe5 15. Ne2 fxe4 16. Rxf8+ Kxf8 17. Ned4 Qd7 18. Na5 Nf6 19. Bh6+ Kg8 20. Nxb7 Qxb7 21. c3 d5 22. Bh3 Bxd4+ 23. Qxd4 Qa7 24. Qxa7 Rxa7 25. Be6+ Kh8 26. Bg5 Kg7 27. Bxf6+ Kxf6 28. Bxd5 Ke5 29. Bb3 Nd7 30. Rd1 Nf6 31. h3 h5 32. Kf2 a5 33. Bc2 Rc7 34. Rd4 Rc4 35. Rxc4 bxc4 36. Bb1 g5 37. Ba2 Kd5 38. Ke3 Ne8 39. Bb1 Nd6 40. g4 h4 41. Bc2 Ke5 42. Bd1 Kd5 1/2-1/2

[Event "Chile Championship Women 2022"]
[Site "Las Condes"]
[Date "2022.02.22"]
[Round "6.5"]
[White "Sanchez Tobar, Francisca Valentina"]
[Black "Fuentes Inzunza, Lesly"]
[Result "1-0"]
[ECO "B01"]
[WhiteElo "1837"]
[BlackElo "1816"]
[Annotator "NA RC"]
[PlyCount "85"]
[EventDate "2022.02.18"]
[EventType "tourn"]
[EventCountry "CHI"]
[SourceTitle "playchess.com"]
[Source "ChessBase"]
[SourceQuality "1"]
[TimeControl "5400+30"]

1. e4 d5 2. exd5 Qxd5 3. Nc3 Qd8 4. d4 Nf6 5. Bc4 g6 6. Nf3 Bg7 7. h3 O-O 8. Be3 Nc6 9. a4 e6 10. O-O b6 11. Qe2 Bb7 12. Rfd1 Ne7 13. Ba6 Qc8 14. Bxb7 Qxb7 15. Bg5 h6 16. Bf4 Ned5 17. Nxd5 Nxd5 18. Be5 c6 19. Bxg7 Kxg7 20. Qe5+ (20. c4 $5 Nf6 21. b3 $14 (21. Qe5 Rfd8 $14)) 20... Nf6 21. Nd2 Qb8 22. Ra3 Rd8 23. Rd3 Rd5 24. Qe3 Nh5 (24... b5 $11) 25. g3 Nf6 26. Nf3 b5 27. axb5 cxb5 28. Ne5 a5 $14 (28... Qd6 $11 {is more appropriate.}) 29. Re1 b4 30. Nxf7 Qc7 31. Nxh6 Rh8 32. Ng4 Rxh3 33. Nxf6 Rd8 34. Qe5 Qxe5 35. dxe5 Rdh8 36. Rd7+ Kh6 37. Kg2 Kg5 38. Re4 Rh2+ 39. Kf3 R8h3 40. Rf4 Rh8 41. Ne4+ Kh5 42. g4+ Kh6 43. g5+ 1-0